 Dungeon Crawl Stone Soup version 0.28.0 (webtiles) character file.

Game seed: 6586168733436265939

57 shoop the Charlatan (level 4, -5/42 HPs)
             Began as an Ogre Artificer on Feb 13, 2022.
             Killed from afar by Natasha (9 damage)
             ... with a magic dart
             ... on level 2 of the Dungeon.
             The game lasted 00:02:22 (1307 turns).

shoop the Charlatan (Ogre Artificer)                Turns: 1307, Time: 00:02:23

Health: -5/42      AC:  5    Str: 24    XL:     4   Next: 0%
Magic:  4/4        EV: 10    Int: 12    God:
Gold:   79         SH:  0    Dex:  9    Spells: 3/3 levels left

rFire   . . .      SeeInvis .   k - +2 hand axe (flame)
rCold   . . .      Faith    .   (no shield)
rNeg    + . .      Spirit   .   b - +0 robe
rPois   .          Reflect  .   (helmet restricted)
rElec   .          Harm     .   i - +0 cloak
rCorr   .          Rampage  .   (gloves unavailable)
Will    .....                   (boots unavailable)
Stlth   +.........              (no amulet)
HPRegen 0.14/turn               g - ring of positive energy
MPRegen 0.09/turn               j - +6 ring of strength

@: slowed, very slow
A: large, unfitting armour, tough skin 1, iridescent scales 1, deformed body
a: no special abilities


You were on level 2 of the Dungeon.
You visited 1 branch of the dungeon, and saw 2 of its levels.

You collected 79 gold pieces.

Inventory:

Hand Weapons
 a - a +0 club
 h - a +0 whip
 k - a +2 hand axe of flaming (weapon)
Armour
 b - a +0 robe (worn)
 i - a +0 cloak (worn)
Jewellery
 g - a ring of positive energy (left hand)
 j - a +6 ring of strength (right hand)
Wands
 c - a wand of flame (15) (quivered)
 d - a wand of charming (15)
Scrolls
 f - a scroll of fear {unknown}
 m - a scroll of silence {unknown}
 n - a scroll of immolation {unknown}
 o - a scroll of identify {unknown}
Miscellaneous
 e - a piece from Xom's chessboard (15/15)


   Skills:
 - Level 2.0 Fighting
 + Level 2.1 Maces & Flails
 - Level 2.1 Dodging
 - Level 1.0 Stealth
 - Level 3.0 Evocations


You had 3 spell levels left.
You didn't know any spells.
Your spell library contained the following spells:

 Spells                   Type           Power      Damage    Failure   Level
 Sublimation of Blood     Necr           0%         N/A       45%         2
 Wereblood                Tmut           0%         N/A       45%         2
 Summon Hydra             Summ           0%         N/A       100%        7


Dungeon Overview and Level Annotations

Branches:
Dungeon (2/15)

Altars:

Shops:
D:1 (

Annotations:
D:2 Natasha, Robin


Innate Abilities, Weirdness & Mutations

You are too large for most types of armour.
You have tough skin. (AC +1)
You are partially covered in iridescent scales. (AC +2)
Armour fits poorly on your strangely shaped body.


Message History

Natasha hisses angrily.
Natasha drinks a potion.
Natasha seems to speed up.
You see here a ring of resist corrosion.
You start waiting.
Natasha is nearby!
Natasha barely misses you.
You closely miss Natasha. Your punch misses Natasha. Natasha barely misses you.
Natasha casts a spell at you.
You feel yourself slow down.
You hit Natasha. You burn Natasha.
Natasha is moderately wounded.
Natasha barely misses you. Natasha claws you. Natasha closely misses you.
You completely miss Natasha.
Natasha is moderately wounded.
Natasha closely misses you. Natasha barely misses you. Natasha claws you.
You closely miss Natasha.
Natasha is lightly wounded.
Natasha claws you. Natasha claws you!
You hit Natasha. You burn Natasha.
Natasha is moderately wounded.
Natasha stares at you and mumbles some strange words.
The magic dart hits you.
* * * LOW HITPOINT WARNING * * *
Natasha claws you but does no damage.
Natasha mumbles some strange words.
You feel disoriented.
Natasha stares at you and mumbles some strange words.
The magic dart hits you!
* * * LOW HITPOINT WARNING * * *
It was a potion of mutation.
You feel extremely strange.
Your body twists and deforms.
Iridescent scales grow over part of your body.
The goblin shouts!
Natasha closely misses you.
Natasha casts a spell.
You closely miss Natasha.
Natasha is moderately wounded.
Natasha casts a spell at you. The magic dart hits you!
You die...

########## #
#..g.)@h.#
#.#.######=#
#######.#.######.#
#........#........
#.#####.#.######..[
#.## #.#.# #....
#..## #.#.# #.#.##
##...###.#.# #h#..
##.....##.#.#
#.....


You could see Natasha (fast) and a goblin.

Vanquished Creatures
  A gnoll (D:1)
  An adder (D:2)
  A dart slug (D:1)
  4 ball pythons (D:1)
  2 bats (D:1)
  2 endoplasms
  3 giant cockroaches (D:1)
  5 goblins
  3 hobgoblins (D:1)
  A kobold (D:1)
  4 quokkas
  7 rats (D:1)
34 creatures vanquished.

Notes
Turn   | Place    | Note
-------+----------+-------------------------------------------
     0 | D:1      | shoop the Ogre Artificer began the quest for the Orb.
     0 | D:1      | Reached XP level 1. HP: 19/19 MP: 1/1
   276 | D:1      | Reached XP level 2. HP: 16/28 MP: 2/2
   278 | D:1      | Reached skill level 1 in Stealth
   582 | D:1      | Found Oliniego's Antique Weapon Boutique.
   660 | D:1      | Reached skill level 1 in Maces & Flails
   861 | D:1      | Reached XP level 3. HP: 33/35 MP: 3/3
   941 | D:1      | Reached skill level 3 in Evocations
  1108 | D:2      | Noticed Robin
  1281 | D:2      | Reached XP level 4. HP: 40/42 MP: 4/4
  1295 | D:2      | Noticed Natasha
  1306 | D:2      | Gained mutation: Armour fits poorly on your strangely
                  | shaped body. [potion of mutation]
  1306 | D:2      | Gained mutation: You are partially covered in iridescent
                  | scales. (AC +2) [potion of mutation]
  1307 | D:2      | Killed from afar by Natasha

Illustrated notes

Levels and vault maps discovered:
D:1:      nagdon_arrival_double_spiral, layout_basic, serial_shops,
          nicolae_shop_statue_plus, chequers_serial_rivers_large_a,
          minmay_rat_gold_closets
D:2:      layout_loops_ring, serial_shops, shop,
          nicolae_shop_bloodbath_and_beyond, chequers_serial_rivers_micro_d,
          nicolae_wormholes, uniq_jessica, uniq_robin, uniq_natasha

Skill      XL: |  1  2  3 |
---------------+----------+-----
Stealth        | 1 |  1.0
Fighting       | 2 |  2.0
Maces & Flails | 1 2 |  2.1
Evocations     | 3 |  3.0
Dodging        | |  2.1

Action                   |  1- 3 |  4- 6 || total
-------------------------+-------+-------++-------
Melee: Whip              |    50 |       ||    50
       Club              |    17 |       ||    17
       Hand axe          |    42 |     6 ||    48
       Punch             |     2 |       ||     2
  Use: Potion            |       |     1 ||     1
 Stab: Sleeping          |     3 |       ||     3
Armor: Robe              |    40 |     1 ||    41
Dodge: Dodged            |    66 |     7 ||    73
